 Dungeon Crawl Stone Soup version 0.20.1-1-g8b1a95d66d (webtiles) character file.

11014 willthinkwithportals the Carver (level 11, -7/83 HPs)
             Began as a Demonspawn Gladiator on June 21, 2018.
             Was a Follower of Ru.
             Mangled by a two-headed ogre
             ... wielding a +0 giant spiked club
              (15 damage)
             ... on level 9 of the Dungeon on June 22, 2018.
             The game lasted 00:58:04 (16005 turns).

willthinkwithportals the Carver (DsGl)             Turns: 16005, Time: 00:58:06

Health: -7/83      AC: 14    Str: 19    XL:     11   Next: 43%
Magic:  14/14      EV:  8    Int:  9    God:    Ru [*.....]
Gold:   623        SH:  3    Dex: 14    Spells: 15/16 levels left

rFire    + . .     SeeInvis .   a - +2 long sword (venom)
rCold    . . .     Gourm    .   (no shield)
rNeg     . . .     Faith    .   y - +1 plate armour
rPois    .         Spirit   .   (helmet restricted)
rElec    .         Reflect  +   (no cloak)
rCorr    .         Harm     .   (no gloves)
MR       .....                  (boots unavailable)
Stlth    ..........             g - +3 amulet of reflection
Regen    0.3/turn               (no ring)
MPRegen  0.2/turn               (no ring)

@: lethally poisoned (-7 -> -8), drained
A: claws 2, horns 1, talons 3, fire resistance 1, low mp 1, mutation resistance
1, spiny 1, no stealth
a: Renounce Religion


You were on level 9 of the Dungeon.
You worshipped Ru.
Ru was aware of your devotion.
You were near starving.

You visited 2 branches of the dungeon, and saw 10 of its levels.
You also visited: Sewer.

You collected 623 gold pieces.

Inventory:

Hand Weapons
 a - a +2 long sword of venom (weapon)
 c - a cursed -2 flail
 f - a +0 blowgun
 j - a +0 shortbow of flaming
 l - a +0 falchion
 m - a +0 giant spiked club
 q - a +2 short sword of holy wrath
 r - a +0 long sword
 s - a cursed -3 spear
 w - a +3 dagger of chaos
 z - a +0 whip of freezing
Missiles
 k - 63 arrows
 p - 22 poisoned needles
Armour
 e - a +0 leather armour
 h - a +2 robe of magic resistance
 i - a +1 chain mail
 u - a +0 centaur barding
 y - a +1 plate armour (worn)
Jewellery
 g - a +3 amulet of reflection (around neck)
 v - an uncursed ring of fire
 x - an uncursed ring of fire
 G - an uncursed amulet of harm
Wands
 b - a wand of clouds (3/9)
 d - a wand of iceblast (3/15)
 A - a wand of iceblast (9/15)
 D - a wand of iceblast (6/15)
Scrolls
 o - 5 scrolls of remove curse
 t - 2 scrolls of fear
 E - a scroll of identify
 F - a scroll of enchant armour
Books
 C - a book of Air

   Spells                             Type                      Level
   a - Shock                          Conjuration/Air              1
   b - Swiftness                      Charms/Air                   2
   c - Static Discharge               Conjuration/Air              3
   d - Airstrike                      Air                          4
   e - Lightning Bolt                 Conjuration/Air              5
Miscellaneous
 n - a lightning rod (4/4)


   Skills:
 + Level 6.5 Fighting
 + Level 10.1(10.0) Long Blades
 + Level 2.8(2.7) Throwing
 + Level 8.7(8.6) Armour
 + Level 4.4 Dodging
 + Level 3.1 Spellcasting
 + Level 2.9 Conjurations
 * Level 6.1 Air Magic


You had 15 spell levels left.
You knew the following spells:

 Your Spells              Type           Power        Failure   Level  Hunger
a - Shock                 Conj/Air       #...         71%         1    ##.....


Dungeon Overview and Level Annotations

Branches:
Dungeon (9/15)             Temple (1/1) D:6
   Lair: D:8-11         Orc: D:9-12

Altars:
Ashenzari
Cheibriados
Dithmenos
Elyvilon
Fedhas
Gozag
Hepliaklqana
Kikubaaqudgha
Makhleb
Nemelex Xobeh
Okawaru
Qazlal
Ru
Sif Muna
Trog
Uskayaw
Vehumet
Xom
Yredelemnul
Zin
The Shining One


Innate Abilities, Weirdness & Mutations

You have very sharp fingernails.
You have a pair of small horns on your head.
You have claws for feet.
Your magical capacity is low. (-10% MP)
You are partially covered in sharp spines.
You cannot be stealthy.
Your flesh is heat resistant. (rF+)
You are somewhat resistant to further mutation.


Message History

The adder is stunned by your will and fails to attack.
You miss the adder.
The adder is almost dead.
The adder bites you but does no damage.
The howler monkey hoots and howls with incredible vigour!
The howler monkey is struck by your spines.
The howler monkey hits you.
You barely miss the two-headed ogre.
You headbutt the two-headed ogre, but do no damage.
The two-headed ogre is lightly wounded.
The hungry ghost is struck by your spines.
You destroy the hungry ghost!
You barely miss the two-headed ogre. Your kick misses the two-headed ogre.
The two-headed ogre is lightly wounded.
The howler monkey hits you.
* * * LOW HITPOINT WARNING * * *
The two-headed ogre hits you with a giant spiked club!
* * * LOW HITPOINT WARNING * * *
The two-headed ogre hits you with a giant spiked club!
You die...

#.# ######.# #......#
########### #......#
#.........# # #......#
#.........# # #......#
##.........# ###......#
#..S.......#######
...#####.#####..hh......?.....#
.........#......@O............#
...#######....................#
...............................
...##############....##........
.....# #....##........ ....)#
#....##........ .)...#
##..###........ .....# #..#
#........ .....#############...
.....##..


You could see a two-headed ogre, 2 howler monkeys and an adder.

Vanquished Creatures
  4 two-headed ogres
  The ghost of willthinkwithportals the Carver, a novice DsGl of Yredelemnul (D:7)
  Pikel (D:5)
  Psyche (D:8)
  A troll (D:8)
  A hippogriff (D:7)
  11 yaks
  2 hungry ghosts
  2 water moccasins
  An eye of draining (D:9)
  An ice beast (D:7)
  5 orc warriors
  2 sky beasts (D:9)
  3 ogres
  2 phantoms
  4 centaurs
  A crocodile (Sewer)
  Blork the orc (D:5)
  6 bullfrogs
  A gnoll sergeant (D:6)
  2 scorpions
  5 killer bees (D:7)
  7 wights
  5 howler monkeys
  6 crimson imps
  A bullfrog zombie (D:6)
  A hound (D:6)
  2 jellies
  7 orc priests
  3 orc wizards
  2 bullfrog skeletons
  A centaur skeleton (D:7)
  2 gnoll shamans (D:6)
  An iguana (D:7)
  Ijyb (D:5)
  Natasha (twice) (D:2)
  9 worker ants
  2 hound skeletons (D:5)
  A worker ant zombie (D:9)
  41 gnolls
  12 adders
  A shadow imp (D:6)
  2 oozes
  An adder skeleton (D:7)
  An adder zombie (D:8)
  2 worms
  3 dart slugs
  8 leopard geckos
  27 orcs
  5 giant cockroaches
  2 goblins (D:2)
  4 hobgoblins
  29 jackals
  14 kobolds
  6 quokkas
  6 ball pythons
  11 bats
  4 frilled lizards (D:2)
  A quokka skeleton (D:4)
  11 rats
  8 plants (D:6)
310 creatures vanquished.

Vanquished Creatures (others)
  An ogre (D:5)
  A crimson imp (D:5)
  A hound (D:5)
  A hound skeleton (D:5)
  A gnoll (D:5)
  A howler monkey skeleton (D:5)
  A quokka zombie (D:5)
7 creatures vanquished.

Grand Total: 317 creatures vanquished

Notes
Turn   | Place    | Note
-------+----------+-------------------------------------------
     0 | D:1      | willthinkwithportals the Demonspawn Gladiator began the quest for the Orb.
     0 | D:1      | Reached XP level 1. HP: 16/16 MP: 1/1
   338 | D:1      | Reached skill level 3 in Long Blades
   424 | D:1      | Gained mutation: You are partially covered in sharp spines. [demonic ancestry]
   424 | D:1      | Reached XP level 2. HP: 21/22 MP: 2/2
  1184 | D:2      | Reached XP level 3. HP: 12/27 MP: 3/3
  1569 | D:2      | Noticed Natasha
  1588 | D:2      | Gained mutation: Your flesh is heat resistant. (rF+) [potion of mutation]
  1588 | D:2      | Gained mutation: You have sharp toenails. [potion of mutation]
  1588 | D:2      | Gained mutation: You are somewhat resistant to further mutation. [potion of mutation]
  1594 | D:2      | HP: 1/28 [worm (2)]
  1594 | D:2      | Killed Natasha
  1594 | D:2      | Mutation became permanent: You have sharp toenails. [demonic ancestry]
  1594 | D:2      | Gained mutation: You have sharp toenails. [demonic ancestry]
  1594 | D:2      | Reached XP level 4. HP: 2/34 MP: 4/4
  1598 | D:2      | Reached skill level 1 in Armour
  1774 | D:2      | Noticed Natasha
  1777 | D:2      | Reached skill level 4 in Long Blades
  1805 | D:2      | Killed Natasha
  2141 | D:3      | Reached XP level 5. HP: 36/39 MP: 5/5
  2651 | D:4      | Noticed an ogre
  2666 | D:4      | Killed an ogre
  2666 | D:4      | Reached XP level 6. HP: 42/47 MP: 6/6
  6099 | D:4      | Reached skill level 5 in Long Blades
  6469 | D:5      | Entered Level 5 of the Dungeon
  6469 | D:5      | Found a glowing drain.
  6519 | Sewer    | Entered a sewer
  6885 | D:5      | Gained mutation: You have a pair of small horns on your head. [demonic ancestry]
  6885 | D:5      | Reached XP level 7. HP: 51/52 MP: 7/7
  6916 | D:5      | Noticed Blork the orc
  6935 | D:5      | Killed Blork the orc
  7018 | D:5      | Reached skill level 6 in Long Blades
  7155 | D:5      | Noticed Pikel
  7182 | D:5      | Killed Pikel
  7182 | D:5      | Reached skill level 1 in Stealth
  7182 | D:5      | Gained mutation: You have razor-sharp toenails. [demonic ancestry]
  7182 | D:5      | Reached XP level 8. HP: 55/60 MP: 8/8
  7288 | D:5      | Learned a level 1 spell: Shock
  7387 | D:5      | Reached skill level 7 in Long Blades
  7521 | D:5      | Noticed Ijyb
  7537 | D:5      | Killed Ijyb
  7537 | D:5      | Reached skill level 1 in Air Magic
  8250 | D:6      | Found a staircase to the Ecumenical Temple.
  8255 | Temple   | Entered the Ecumenical Temple
  8339 | Temple   | Became a worshipper of Ru the Awakened
  8595 | D:6      | Reached skill level 1 in Conjurations
  8713 | D:6      | Reached skill level 1 in Spellcasting
  9080 | D:6      | Noticed a catoblepas
  9107 | D:6      | Reached skill level 5 in Armour
  9132 | D:6      | HP: 2/61 [gnoll/flail (7)]
  9136 | D:6      | Gained mutation: You have sharp fingernails. [demonic ancestry]
  9136 | D:6      | Reached XP level 9. HP: 3/66 MP: 11/11
 10058 | D:6      | Gained mutation: You cannot be stealthy. [Ru sacrifice]
 10528 | D:6      | Reached skill level 5 in Fighting
 11041 | D:7      | Reached skill level 8 in Long Blades
 11345 | D:7      | Gained mutation: You have very sharp fingernails. [demonic ancestry]
 11345 | D:7      | Reached XP level 10. HP: 70/74 MP: 13/13
 12838 | D:7      | Found a glowing golden altar of the Shining One.
 12839 | D:7      | Found a bloodstained altar of Trog.
 12917 | D:7      | Noticed willthinkwithportals's ghost (novice DsGl)
 12945 | D:7      | Killed willthinkwithportals's ghost
 12945 | D:7      | Reached skill level 9 in Long Blades
 13260 | D:8      | Reached skill level 5 in Air Magic
 13543 | D:8      | Noticed Psyche
 13550 | D:8      | Killed Psyche
 13595 | D:8      | Noticed a two-headed ogre
 13602 | D:8      | Killed a two-headed ogre
 13714 | D:8      | Noticed a two-headed ogre
 13723 | D:8      | Killed a two-headed ogre
 13723 | D:8      | Gained mutation: You have claws for feet. [demonic ancestry]
 13723 | D:8      | Reached XP level 11. HP: 16/81 MP: 12/15
 14764 | D:9      | Gained mutation: Your magical capacity is low. (-10% MP) [Ru sacrifice]
 14764 | D:9      | Reached * piety under Ru
 15204 | D:9      | Found a burning altar of Makhleb.
 15224 | D:9      | Noticed a two-headed ogre
 15234 | D:9      | Killed a two-headed ogre
 15445 | D:9      | Noticed a two-headed ogre
 15460 | D:9      | Killed a two-headed ogre
 15460 | D:9      | Reached skill level 10 in Long Blades
 15989 | D:9      | Noticed a two-headed ogre
 16005 | D:9      | Mangled by a two-headed ogre

Skill      XL: |  1  2  3  4  5  6  7  8  9 10 11 |
---------------+----------------------------------+-----
Long Blades    | 3 4 5 6 7 8 9 10 | 10.1
Dodging        | 3 4 |  4.4
Throwing       | 2 |  2.8
Armour         | 1 2 4 5 6 7 8 |  8.7
Fighting       | 3 4 5 6 |  6.5
Stealth        | 1 0 |  0.0
Air Magic      | 2 4 5 6 |  6.1
Conjurations   | 1 2 |  2.9
Spellcasting   | 1 2 3 |  3.1

Action                   |  1- 3 |  4- 6 |  7- 9 | 10-12 || total
-------------------------+-------+-------+-------+-------++-------
Melee: Long sword        |    82 |   119 |   331 |   226 ||   758
       Kick              |     1 |    37 |   136 |   102 ||   276
       Headbutt          |       |       |    93 |    64 ||   157
Throw: Throwing net      |     1 |     5 |       |       ||     6
       Javelin           |       |    10 |     4 |       ||    14
       Tomahawk          |       |       |     2 |       ||     2
 Cast: Shock             |       |       |     4 |       ||     4
Invok: Sacrifice Stealth |       |       |     1 |       ||     1
       Sacrifice Essence |       |       |       |     1 ||     1
Evoke: Wand              |       |       |     1 |       ||     1
  Use: Scroll            |     2 |     6 |     5 |     5 ||    18
       Potion            |     4 |     4 |     2 |     3 ||    13
 Stab: Held in net/web   |       |     1 |       |       ||     1
       Distracted        |       |       |       |     1 ||     1
  Eat: Bread ration      |     1 |       |     2 |     3 ||     6
       Royal jelly       |       |     3 |       |       ||     3
       Chunk             |       |     3 |     8 |     5 ||    16
       Meat ration       |       |     1 |       |       ||     1
Armor: Leather armour    |     8 |       |       |       ||     8
       Chain mail        |    51 |    63 |   135 |    36 ||   285
       Plate armour      |       |       |       |    66 ||    66
Dodge: Dodged            |    55 |    43 |   120 |    83 ||   301
Block: Other             |    11 |    13 |    55 |    25 ||   104
       Reflection        |       |     3 |     3 |     3 ||     9
       Rpst.: Long sword |    13 |    16 |    22 |    19 ||    70
